 Dungeon Crawl Stone Soup version 0.28.0-43-g3370ac3207 (webtiles) character file.

Game seed: 11068461075985464372

131 terff the Cudgeller (level 5, -1/31 HPs)
             Began as a Gargoyle Gladiator on Mar 22, 2022.
             Slain by a gnoll
             ... wielding a +0 flail
              (8 damage)
             ... on level 3 of the Dungeon.
             The game lasted 00:06:34 (2202 turns).

terff the Cudgeller (Gargoyle Gladiator)            Turns: 2202, Time: 00:06:35

Health: -1/31      AC: 15    Str: 18    XL:     5   Next: 14%
Magic:  5/5        EV: 11    Int:  8    God:
Gold:   80         SH:  5    Dex: 13    Spells: 4/4 levels left

rFire   + . .      SeeInvis .   f - +3 whip
rCold   + . .      Faith    .   (no shield)
rNeg    + + .      Spirit   .   e - +4 ring mail {rN+}
rPois   ∞          Reflect  +   c - +0 helmet
rElec   +          Harm     .   g - scarf {rC+ rF+}
rCorr   .          Rampage  .   (no gloves)
Will    .....                   i - +0 pair of boots
Stlth   +.........              b - amulet of reflection
HPRegen 0.10/turn               (no ring)
MPRegen 0.09/turn               (no ring)

@: no status effects
A: sickness immunity, AC +4, negative energy resistance 1, electricity
resistance, torment resistance 1, petrification resistance
a: no special abilities


You were on level 3 of the Dungeon.
You visited 1 branch of the dungeon, and saw 3 of its levels.

You collected 80 gold pieces.

Inventory:

Hand Weapons
 a - a +0 flail
 f - a +3 whip (weapon)
Missiles
 d - 3 throwing nets (quivered)
Armour
 c - a +0 helmet (worn)
 e - a +4 ring mail of positive energy (worn)
 g - a scarf of resistance (worn)
 i - a +0 pair of boots (worn)
Jewellery
 b - an amulet of reflection (around neck)
Scrolls
 h - 2 scrolls of identify
 j - a scroll of blinking {unknown}
Potions
 k - a potion of lignification


   Skills:
 + Level 2.7 Fighting
 + Level 4.6 Maces & Flails
 + Level 1.9 Throwing
 + Level 1.4 Armour
 + Level 2.9 Dodging
 + Level 0.4 Stealth


You had 4 spell levels left.
You didn't know any spells.
Your spell library was empty.

Dungeon Overview and Level Annotations

Branches:
Dungeon (3/15)

Altars:
Dithmenos


Innate Abilities, Weirdness & Mutations

You are immune to sickness and miasma.
Your stone body is resilient. (AC +4)
You are immune to poison.
You resist negative energy. (rN+)
You are resistant to electric shocks. (rElec)
You are resistant to unholy torment.
You are immune to petrification.


Message History

You barely miss the gnoll. The gnoll hits you with a +0 whip.
You hit the gnoll.
The gnoll is heavily wounded.
The gnoll closely misses you. The gnoll hits you but does no damage.
You hit the gnoll.
The gnoll is almost dead.
The gnoll barely misses you. You block the gnoll's attack.
The gnoll hits you from afar with a +0 spear.
You block the gnoll's attack.
You whack the gnoll!
You kill the gnoll!
The gnoll completely misses you. The gnoll hits you but does no damage.
You have reached level 5!
You barely miss the gnoll. The gnoll hits you with a +0 flail.
You whack the gnoll!
The gnoll is severely wounded.
The gnoll hits you from afar with a +0 spear.
The gnoll hits you with a +0 spear. You block the gnoll's attack.
The gnoll hits you but does no damage.
You closely miss the gnoll.
The gnoll hits you but does no damage. x2
The gnoll closely misses you.
You hit the gnoll.
The gnoll is moderately wounded.
The gnoll hits you but does no damage. The gnoll barely misses you.
You whack the gnoll!
You kill the gnoll!
The gnoll closely misses you. The gnoll hits you but does no damage.
The gnoll hits you but does no damage.
You see here a +0 spear.
You closely miss the gnoll. You block the gnoll's attack.
The gnoll hits you with a +0 spear.
* * * LOW HITPOINT WARNING * * *
You whack the gnoll! Your punch misses the gnoll.
The gnoll is heavily wounded.
The gnoll hits you but does no damage. The gnoll hits you with a +0 spear.
* * * LOW HITPOINT WARNING * * *
You hit the gnoll.
The gnoll is severely wounded.
The gnoll hits you with a +0 flail!
You die...

#.. # #$# #. .. #.# #.
... #.# #. .... #.#
≈...≈.≈#. ..... ##.#
≈._.≈.≈#. ......####..#
.≈...≈.≈#. .>....g@g.[.#
..≈≈≈..≈#.
..#.#####)..#.≈≈≈≈≈≈≈.#.
#.......#.........#.
#........## #####..
#.......#.# #......
###.....#.# #....##
#########)#.####....##
......................
##########..##########


You could see 2 gnolls.

Vanquished Creatures
  A water moccasin skeleton (D:3)
  An adder (D:2)
  2 gnolls (D:3)
  5 orcs (D:3)
  3 ball pythons
  7 endoplasms
  2 giant cockroaches
  2 goblins
  5 hobgoblins
  3 jackals (D:1)
  2 bats
  A frilled lizard (D:1)
  6 kobolds
  4 rats
44 creatures vanquished.

Notes
Turn   | Place    | Note
-------+----------+-------------------------------------------
     0 | D:1      | terff the Gargoyle Gladiator began the quest for the Orb.
     0 | D:1      | Reached XP level 1. HP: 12/12 MP: 1/1
   350 | D:1      | Reached XP level 2. HP: 17/18 MP: 2/2
   817 | D:1      | Reached XP level 3. HP: 22/22 MP: 3/3
  1547 | D:3      | Found a faded altar of an unknown god.
  1686 | D:3      | Reached skill level 4 in Maces & Flails
  1850 | D:3      | Reached skill level 1 in Armour
  1850 | D:3      | Reached XP level 4. HP: 12/27 MP: 4/4
  2142 | D:3      | Found a shadowy altar of Dithmenos.
  2193 | D:3      | Reached XP level 5. HP: 25/31 MP: 5/5
  2202 | D:3      | Slain by a gnoll

Illustrated notes

Levels and vault maps discovered:
D:1:      dpeg_arrival_lava_temple_mockup, layout_basic
D:2:      layout_rooms
D:3:      layout_basic, mainiacjoe_overflow_paths, nicolae_ecumenical_oubliette

Skill      XL: |  1  2  3 |
---------------+----------+-----
Maces & Flails | 4 |  4.6
Armour         | 1 |  1.4
Fighting       | |  2.7
Throwing       | |  1.9
Dodging        | |  2.9
Stealth        | |  0.4

Action                   |  1- 3 |  4- 6 || total
-------------------------+-------+-------++-------
Melee: Flail             |    41 |       ||    41
       Whip              |    72 |    22 ||    94
  Use: Scroll            |     4 |       ||     4
Armor: Ring mail         |    58 |    12 ||    70
Dodge: Dodged            |    66 |     8 ||    74
Block: Other             |     2 |     8 ||    10
